 Dungeon Sprint DCSS version 0.32-a0-433-g08bcfe7efd (webtiles) character file.

Game seed: 15395990964728596738

443 adelrune the Cleaver (level 6, -4/61 HPs)
             Began as a Minotaur Fighter on Feb 22, 2024.
             Was an Initiate of Yredelemnul.
             Slain by a centaur warrior (8 damage)
             ... in the Dungeon (Sprint I: "Red Sonja").
             The game lasted 00:01:54 (410 turns).

adelrune the Cleaver (Minotaur Fighter)              Turns: 410, Time: 00:01:55

Health: -4/61      AC:  8    Str: 22    XL:     6   Next: 71%
Magic:  5/5        EV: 11    Int:  5    God:    Yredelemnul [......]
Gold:   59         SH:  5    Dex: 10    Spells: 5/5 levels left

rFire   . . .        a - +0 war axe
rCold   . . .        c - +0 buckler
rNeg    . . .        b - +0 scale mail
rPois   .            (helmet restricted)
rElec   .            (no cloak)
rCorr   .            (no gloves)
SInv    .            (no boots)
Will    .....        (no amulet) Stlth
                     (no ring)
HPRegen 0.30/turn    (no ring)
MPRegen 0.09/turn

%: no teleportation
@: wreathed by umbra
A: horns 2, retaliatory headbutt
a: Renounce Religion, Light the Black Torch, Recall Undead Harvest


You were in the Dungeon.
You worshipped Yredelemnul.
Yredelemnul was noncommittal.
You visited 1 branch You collected 306 gold pieces.
You spent 247 gold pieces at shops.

Inventory:

Hand Weapons
 a - a +0 war axe (weapon)
Armour
 b - a +0 scale mail (worn)
 c - a +0 buckler (worn)
Wands
 k - a wand of charming (3)
 l - a wand of flame (9)
Scrolls
 j - 2 scrolls of blinking
 m - a scroll of identify {unknown}
 n - a scroll of revelation
Potions
 d - a potion of might
 e - a potion of curing
 f - a potion of heal wounds
 g - a potion of haste
 h - 2 potions of magic
 i - a potion of berserk rage


   Skills:
 + Level 8.0 Fighting
 * Level 10.4 Axes
 + Level 8.0 Armour
 + Level 6.1 Dodging
 + Level 7.8 Shields


You had 5 spell levels left.
You didn't know any spells.
Your spell library was empty.

Dungeon Overview and Level Annotations

Branches:
Dungeon (1/1)

Altars:
Cheibriados
Dithmenos
Elyvilon
Fedhas
Gozag
Hepliaklqana
Kikubaaqudgha
Nemelex Xobeh
Okawaru
Qazlal
Ru
Sif Muna
Trog
Uskayaw
Vehumet
Wu Jian
Yredelemnul
Zin
The Shining One

Shops:
D :?

Annotations:
D Sonja


Innate Abilities, Weirdness & Mutations

You have a pair of horns on your head.
You reflexively headbutt those who attack you in melee.


Message History

The centaur warrior moves out of view.
There is an open door here.
You enter the shallow water.
Moving in this stuff is going to be slow.
The centaur warrior shouts!
The centaur warrior wields a +0 orcbow.
The centaur warrior shoots an arrow.
The arrow barely misses you.
The centaur warrior wields a +0 shortbow.
The centaur warrior shoots an arrow.
The arrow hits you!
The centaur warrior shoots an arrow.
The arrow hits you!
The centaur warrior shoots an arrow.
The arrow misses you.
The centaur warrior unwields a +0 orcbow.
The centaur warrior hits you. You block the centaur warrior's attack.
The centaur warrior unwields a +0 shortbow.
The centaur warrior hits you but does no damage.
The centaur warrior barely misses you. The centaur warrior hits you!
The centaur warrior completely misses you.
The centaur warrior barely misses you.
The centaur warrior kicks you but does no damage.
The centaur warrior hits you!
The centaur warrior kicks you but does no damage.
The centaur warrior hits you.
* * * LOW HITPOINT WARNING * * *
You block the centaur warrior's attack.
The centaur warrior hits you but does no damage.
The centaur warrior kicks you but does no damage.
The centaur warrior hits you.
* * * LOW HITPOINT WARNING * * *
The centaur warrior barely misses you.
You hit the centaur warrior.
The centaur warrior is lightly wounded.
You hit the centaur warrior. The centaur warrior hits you.
* * * LOW HITPOINT WARNING * * *
The centaur warrior kicks you but does no damage.
The centaur warrior hits you!
* * * LOW HITPOINT WARNING * * *
The centaur warrior barely misses you.
You block the centaur warrior's attack. x2
The centaur warrior hits you!
You die...
Your body rises from the dead as a mindless zombie.

############*********************
..)..#.)'..#__*,,+,,,*,,*,,,,+,,,
).#..'..#..+,,+,,*,,,**+*,****,,,
####'#####'#__####,,,+,,*,*,***,,
###..#...#.####$§#****,,+,*+*,***
__####..##.#~§§§c#,,**+****,,,*,*
_____##'#_.'~~§§@+,,*,,,,,*,,,***
_.∩...†..._#§§§§c#,,*,,,,,+,,,,,*
_..__##_.#+##+####*+***,,,*,,,,,*
_____###+#,*,,,,***,+,*,,,***++**
########.#***+***,***,*,,***,,***
......+$.$+,,,,,+,∩**,*,,****,,**
+++####$K$***********,**+*,,*,,*,
....####.#**,,,,,,,**,**,*,,,,,,,
....G#$#+#,*,,,,,,,,+,****,,,,,,,


You could see 2 centaur warriors.

Vanquished Creatures
  Sigmund (D)
  A yak (D)
  An ogre (D)
  A jelly (D)
  Ijyb (D)
5 creatures vanquished.

Notes
Turn   | Place    | Note
-------+----------+-------------------------------------------
     0 | D        | adelrune the Minotaur Fighter began the quest for the Orb.
     0 | D        | Reached XP level 1. HP: 19/19 MP: 0/0
     1 | D        | Noticed Ijyb
    33 | D        | Killed Ijyb
    34 | D        | Reached skill level 4 in Axes
    34 | D        | Reached XP level 2. HP: 14/28 MP: 1/1
    92 | D        | Noticed an ogre
    98 | D        | Killed an ogre
    99 | D        | Reached skill level 5 in Fighting
    99 | D        | Reached skill level 6 in Axes
    99 | D        | Reached skill level 5 in Armour
    99 | D        | Reached skill level 5 in Shields
    99 | D        | Reached XP level 3. HP: 23/37 MP: 2/2
    99 | D        | Reached XP level 4. HP: 27/44 MP: 3/3
   172 | D        | Noticed Sigmund
   180 | D        | Killed Sigmund
   181 | D        | Reached skill level 9 in Axes
   181 | D        | Reached skill level 5 in Dodging
   181 | D        | Reached XP level 5. HP: 39/52 MP: 4/4
   181 | D        | Reached XP level 6. HP: 46/60 MP: 5/5
   239 | D        | Found an ornate altar of the Wu Jian Council.
   239 | D        | Found a shimmering blue altar of Sif Muna.
   241 | D        | Found a radiant altar of Vehumet.
   258 | D        | Found Xourakappa's Magic Scroll Emporium.
   258 | D        | Found an ancient bone altar of Kikubaaqudgha.
   258 | D        | Found a hazy altar of Hepliaklqana.
   258 | D        | Found a stormy altar of Qazlal.
   258 | D        | Found a hide-covered altar of Uskayaw.
   258 | D        | Found a blossoming altar of Fedhas.
   258 | D        | Found a bloodstained altar of Trog.
   258 | D        | Found an iron altar of Okawaru.
   258 | D        | Found a basalt altar of Yredelemnul.
   258 | D        | Found a glowing golden altar of the Shining One.
   258 | D        | Found a snail-covered altar of Cheibriados.
   258 | D        | Found a sacrificial altar of Ru.
   258 | D        | Found a glowing silver altar of Zin.
   258 | D        | Found a shadowy altar of Dithmenos.
   258 | D        | Found a white marble altar of Elyvilon.
   258 | D        | Noticed a yak
   265 | D        | Killed a yak
   266 | D        | Reached skill level 10 in Axes
   267 | D        | Found an opulent altar of Gozag.
   283 | D        | Found a sparkling altar of Nemelex Xobeh.
   287 | D        | Bought a scroll of blinking for 82 gold pieces
   287 | D        | Bought 2 scrolls of revelation for 165 gold pieces
   287 | D        | Noticed Sonja
   287 | D        | Noticed a glass eye
   287 | D        | Noticed a shining eye
   287 | D        | Noticed a shining eye
   287 | D        | Found Zofiap's Book Boutique.
   391 | D        | Became a worshipper of Yredelemnul the Fallen
   403 | D        | Noticed a centaur warrior
   404 | D        | Noticed a centaur warrior
   410 | D        | Slain by a centaur warrior

Illustrated notes

Levels and vault maps discovered:
D:        dungeon_sprint_1 [red_sonja_temple_1, red_sonja_temple_small_1]

Skill      XL: |  1  2  3  4  5  6 |
---------------+-------------------+-----
Fighting       | 4 5 7 8 |  8.0
Axes           | 4 6 9 10 | 10.4
Armour         | 4 5 7 8 |  8.0
Dodging        | 2 3 5 6 |  6.1
Shields        | 4 5 7 |  7.8

Action                     |  1- 3 |  4- 6 || total
---------------------------+-------+-------++-------
  Melee: War axe           |    15 |    16 ||    31
         Headbutt          |       |     3 ||     3
 Invoke: Light the Black T |       |     1 ||     1
  Evoke: Wand              |     2 |       ||     2
    Use: Scroll            |       |     1 ||     1
 Armour: Scale mail        |    23 |    24 ||    47
  Dodge: Dodged            |     8 |    13 ||    21
  Block: Buckler           |     1 |     4 ||     5

Table legend: (Time is in decaauts)
 A = Elapsed time spent in this place.
 B = Non-inter-level travel time spent in this place.
 C = Inter-level travel time spent in this place.
 D = Time resting spent in this place.
 E = Time spent auto-exploring this place.
 F = Levels seen in this place.
 G = Mean time per level.
                   A        B        C        D        E       F      G
               +--------+--------+--------+--------+--------+-----+--------+
         Total |    419 |    419 |      0 |    257 |      0 |   1 |  419.0 |
       Dungeon |    419 |    419 |      0 |    257 |      0 |   1 |  419.0 |
               +--------+--------+--------+--------+--------+-----+--------+

Top non-repeatable levels by time:
       D: 419 daAuts
